 Dungeon Crawl Stone Soup version 0.31-a0-161-gb58dd9be76 (webtiles) character file.

Game seed: 7616806048687847869

11 Serulin the Sneak (level 2, -1/19 HPs)
             Began as a Gargoyle Delver on June 13, 2023.
             Slain by a goblin
             ... wielding a +0 club
              (4 damage)
             ... on level 1 of the Dungeon.
             The game lasted 00:03:04 (407 turns).

Serulin the Sneak (Gargoyle Delver)                  Turns: 407, Time: 00:03:04

Health: -1/19      AC:  5    Str: 15    XL:     2   Next: 29%
Magic:  2/2        EV: 11    Int: 10    God:
Gold:   25         SH:  0    Dex: 11    Spells: 1/1 levels left

rFire   . . .        a - +0 mace
rCold   . . .        (no shield)
rNeg    + . .        b - +0 leather armour
rPois   ∞            (no helmet)
rElec   +            (no cloak)
rCorr   .            (no gloves)
SInv    .            (no boots)
Will    .....        (no amulet)
Stlth   +++          (no ring)
HPRegen 0.23/turn    (no ring)
MPRegen 0.08/turn

%: no passive effects
@: no status effects
A: sickness immunity, AC +2, negative energy resistance 1, electricity
resistance, torment resistance 1, petrification resistance
a: no special abilities


You were on level 1 of the Dungeon.
You visited 1 branch of the dungeon, and saw 5 of its levels.

You collected 25 gold pieces.

Inventory:

Hand Weapons
 a - a +0 mace (weapon)
Armour
 b - a +0 leather armour (worn)
Wands
 g - a wand of digging (3)
Scrolls
 c - a scroll of fog
 d - a scroll of revelation
 e - a scroll of fear
 i - a scroll of teleportation {unknown}
Potions
 f - a potion of haste
 h - a potion of mutation {unknown}
 j - a potion of curing {unknown}
 k - a potion of heal wounds {unknown}


   Skills:
 + Level 3.4 Fighting
 + Level 2.2 Maces & Flails
 * Level 1.3 Armour
 - Level 1.5 Dodging
 - Level 5.4 Stealth


You had one spell level left.
You didn't know any spells.
Your spell library was empty.

Dungeon Overview and Level Annotations

Branches:
Dungeon (5/15)
 Temple: D:4-7

Altars:
Hepliaklqana


Innate Abilities, Weirdness & Mutations

You are immune to sickness and miasma.
Your stone body is resilient. (AC +2)
You are immune to poison.
You resist negative energy. (rN+)
You are resistant to electric shocks. (rElec)
You are resistant to unholy torment.
You are immune to petrification.


Message History

You barely miss the goblin.
The goblin is moderately wounded.
The bat hits you but does no damage. x2; The quokka bites you.
The goblin closely misses you.
The quokka twitches its whiskers.
The quokka bites you but does no damage.
The goblin hits you but does no damage.
You hit the goblin.
The goblin is heavily wounded.
The bat barely misses you.
The quokka bites you but does no damage.
The goblin hits you but does no damage.
You barely miss the goblin.
The goblin is heavily wounded.
The bat hits you but does no damage. The quokka bites you.
The goblin hits you but does no damage.
The quokka bites you but does no damage.
You hit the goblin.
The goblin is severely wounded.
The bat closely misses you. The goblin barely misses you. The quokka bites you.
The goblin hits you with a +0 club.
You are too injured to fight recklessly!
You are too injured to fight recklessly!
Unknown command.
You barely miss the goblin.
The goblin is severely wounded.
The quokka bites you. The bat hits you but does no damage.
The quokka closely misses you. The goblin closely misses you.
The bat barely misses you.
Okay, then.
You barely miss the goblin.
The goblin is severely wounded.
The bat misses you. The bat hits you but does no damage.
The quokka closely misses you. The goblin hits you with a +0 club.
You barely miss the goblin.
The goblin is severely wounded.
The bat hits you but does no damage. The quokka bites you.
* * * LOW HITPOINT WARNING * * *
The goblin hits you with a +0 club.
You die...

#+# #.# #.#
#######.######
.............
#..gb..#
#...@.#
#..#r.......
#. #..###.## #
.... #.### #.#
#.# #.#


You could see a quokka, a goblin and a bat.

Vanquished Creatures
  4 endoplasms
  A goblin (D:4)
  2 hobgoblins
  A bat (D:3)
  2 kobolds
10 creatures vanquished.

Notes
Turn   | Place    | Note
-------+----------+-------------------------------------------
     0 | D:5      | Serulin the Gargoyle Delver began the quest for the Orb.
     0 | D:5      | Reached XP level 1. HP: 14/14 MP: 1/1
    17 | D:5      | Found a hazy altar of Hepliaklqana.
    28 | D:5      | Noticed an iguana
   191 | D:4      | Reached skill level 1 in Armour
   197 | D:4      | Reached XP level 2. HP: 12/19 MP: 2/2
   234 | D:4      | Noticed an ogre
   407 | D:1      | Slain by a goblin

Illustrated notes

Levels and vault maps discovered:
D:1:      onia_arrival_zoo_common, layout_loops_corners
D:2:      layout_basic, bh_walls_and_bars
D:3:      layout_loops_ring, lemuel_doored_altar
D:4:      layout_basic, corexii_hall_statues_t, dk_vineyard_2,
          chequers_serial_rivers_small_b, minmay_shop_grid_forest,
          minmay_ogre_servants
D:5:      layout_cave_pools, mainiacjoe_overflow_six_doors_small,
          mainiacjoe_overflow_chevrons, nicolae_overflow_crystal_walls

Skill      XL: |  1 |
---------------+----+-----
Armour         | 1 |  1.3
Fighting       | |  3.4
Maces & Flails | |  2.2
Dodging        | |  1.5
Stealth        | |  5.4

Action                     || total
---------------------------++-------
  Melee: Mace              ||    35
         Punch             ||     1
   Stab: Sleeping          ||     3
 Armour: Leather armour    ||    28
  Dodge: Dodged            ||    21

Table legend: (Time is in decaauts)
 A = Elapsed time spent in this place.
 B = Non-inter-level travel time spent in this place.
 C = Inter-level travel time spent in this place.
 D = Time resting spent in this place.
 E = Time spent auto-exploring this place.
 F = Levels seen in this place.
 G = Mean time per level.
                   A        B        C        D        E       F      G
               +--------+--------+--------+--------+--------+-----+--------+
         Total |    416 |    416 |      0 |     46 |     42 |   5 |   83.2 |
       Dungeon |    416 |    416 |      0 |     46 |     42 |   5 |   83.2 |
               +--------+--------+--------+--------+--------+-----+--------+

Top non-repeatable levels by time:
     D:4: 262 daAuts
     D:2: 76 daAuts
     D:5: 38 daAuts
     D:3: 26 daAuts
     D:1: 12 daAuts
